Cogmind - Beta 13 @@@ ROGUE MODE // 2024.04.07 @ 20:39:35 Player: robb Result: Destroyed by G-50 Soldier with Heavy Laser Performance ------------- Evolutions (1) 500 Regions Visited (5) 1000 Robots Destroyed (20) 100 Value Destroyed (564) 564 Prototype IDs (0) 0 Alien Tech Used (0) 0 Bonus (912) 912 TOTAL SCORE: 3076 Bonus ------- Follower Combat Kills 312 Met Imprinter 300 Was Imprinted 300 Cogmind --------- Core Integrity 0/400 Matter 227/300 Energy 226/350 System Corruption 16% Temperature Warm (103) Movement Treading (160) Location -6/Proximity Caves Parts ------- > --- POWER (1) -------- (None) > --- PROPULSION (4) --- Light Treads > --- UTILITY (2) ------ High-capacity Battery 0b10 Decoder Chip [Scout] > --- WEAPON (2) ------- (None) > --- INVENTORY (5) ---- Improved Heat Sink Light Armor Plating Peak State ------------ > --- POWER ------------ Improved Ion Engine > --- PROPULSION ------- Armored Treads Armored Treads Armored Treads Armored Treads > --- UTILITY ---------- Medium Storage Unit Hacking Suite > --- WEAPON ----------- Particle Cannon Particle Cannon > --- INVENTORY -------- Improved Ion Engine Light Treads Improved Heat Sink High-capacity Battery Melee Analysis Suite Melee Analysis Suite Light Armor Plating Particle Cannon Improved Light Cannon Improved Light Cannon [Rating: 24] Favorites ----------- Power Improved Ion Engine Engine Improved Ion Engine Propulsion Armored Treads Treads Armored Treads Leg Aluminum Leg Utility Medium Storage Unit Device Heat Sink Storage Medium Storage Unit Processor 0b10 Decoder Chip [Skirmisher] Hackware Hacking Suite Weapon Particle Cannon Energy Gun Medium Laser Energy Cannon Particle Cannon Ballistic Gun Light Assault Rifle Ballistic Cannon Improved Light Cannon Special Melee Weapon Datajack Build | -11 -10 -9 -9 -7 -6 ------- Run | Yrd Mat Mat Min Zio Pro Slots Evolved 2 | . . 2 . . . Power . | . . . . . . Propulsion 2 | . . 2 . . . Utility . | . . . . . . Weapon . | . . . . . . Parts Attached 33 | 6 7 12 . . 8 Power 4 | 1 . 2 . . 1 Engine 4 | 1 . 2 . . 1 Core . | . . . . . . Reactor . | . . . . . . Propulsion 12 | 2 1 8 . . 1 Treads 6 | . . 5 . . 1 Leg 6 | 2 1 3 . . . Wheel . | . . . . . . Hover . | . . . . . . Flight . | . . . . . . Utility 8 | 1 3 . . . 4 Device 1 | . 1 . . . . Storage 3 | 1 1 . . . 1 Processor 3 | . . . . . 3 Hackware 1 | . 1 . . . . Protection . | . . . . . . Artifact . | . . . . . . Weapon 9 | 2 3 2 . . 2 Energy Gun 1 | 1 . . . . . Energy Cannon 4 | . 1 2 . . 1 Ballistic Gun 1 | 1 . . . . . Ballistic Cannon 2 | . 1 . . . 1 Launcher . | . . . . . . Special Weapon . | . . . . . . Impact Weapon . | . . . . . . Slashing Weapon . | . . . . . . Piercing Weapon . | . . . . . . Special Melee Weapon 1 | . 1 . . . . Unidentified Prototypes . | . . . . . . Parts Lost 12 | . . 3 . . 9 Power 2 | . . . . . 2 Propulsion 5 | . . 2 . . 3 Utility 1 | . . . . . 1 Weapon 4 | . . 1 . . 3 Highest Loss Streak 8 | . . 2 . . 8 To Critical Strikes 1 | . . . . . 1 Average Slot Usage (%) 97 | . 94 94 100 100 91 Engine 11 | . 14 11 11 11 9 Treads 32 | . . 12 44 44 40 Leg 8 | . 28 26 . . . Device 1 | . 9 . . . . Storage 11 | . 14 11 11 11 11 Hackware 9 | . 1 11 11 11 10 Energy Cannon 19 | . 12 17 22 22 17 Special Melee Weapon 1 | . 8 4 . . . Naked Turns . | . . . . . . Heaviest Build 25 | 13 24 25 25 25 25 Greatest Support 80 | 20 20 80 80 80 80 Greatest Overweight (x) 2 | 2 1 1 . . . Average Overweight (x) . | . . . . . . Largest Inventory Capacity 10 | 8 10 10 10 10 10 Average Capacity 9 | 5 9 10 10 10 9 Most Carried 10 | 5 10 10 10 10 10 Average Carried 9 | 3 8 9 10 9 9 Final Capacity 10 | 8 10 10 10 10 5 Final Carried 10 | 2 10 10 10 10 2 Class Distribution -------------------- 98% | Mutant Dominant Class ---------------- Mutant | -10/Materials Mutant | -9/Materials Mutant | -9/Mines Mutant | -7/Zion Mutant | -6/Proximity Caves Resources | -11 -10 -9 -9 -7 -6 ----------- Run | Yrd Mat Mat Min Zio Pro Matter Collected 454 | 254 76 120 . . 4 Remotely . | . . . . . . Salvage Created 757 | . 179 426 . 60 92 Parts 44 | . 8 31 . . 5 Haulers Intercepted . | . . . . . . Recyclers Shooed . | . . . . . . Parts Field Recycled . | . . . . . . Retrieved Matter . | . . . . . . Parts Self-Destructed 10 | . . . . . 10 Prevented 1 | . . . . . 1 Kills | -11 -10 -9 -9 -7 -6 ------- Run | Yrd Mat Mat Min Zio Pro Combat Hostiles Destroyed 18 | . 3 13 . . 2 Cannons 18 | . 3 13 . . 2 Classes Destroyed 6 | . 2 2 . . 2 Operator 2 | . 2 . . . . Swarmer 6 | . . 6 . . . Grunt 7 | . 3 4 . . . Duelist 1 | . . . . . 1 Protector 1 | . . . . . 1 Sentry 3 | . . 3 . . . Best Kill Streak 3 | . 2 3 . . 1 Combat Bots Only 3 | . 2 3 . . 1 Max Kills in Single Turn 1 | . 1 1 . . 1 Gunslinging . | . . . . . . Exploded . | . . . . . . Melee . | . . . . . . Uniques/NPCs Destroyed . | . . . . . . Combat | -11 -10 -9 -9 -7 -6 -------- Run | Yrd Mat Mat Min Zio Pro Hostile Shots Fired 206 | . 14 63 . . 129 Missed 53 | . 2 15 . . 36 Damage Taken 2852 | . 132 537 . . 2183 Core 440 | . 34 116 . . 290 Absorbed by Shields . | . . . . . . Core Remaining (%) 93 | 100 86 . . . . Volleys Fired 61 | . 14 33 1 1 12 Largest 2 | . 1 2 2 2 2 Hottest 136 | . 68 136 136 136 136 Shots Fired 88 | . 14 48 2 2 22 Gun . | . . . . . . Cannon 88 | . 14 48 2 2 22 Launcher . | . . . . . . Special . | . . . . . . Kinetic 7 | . . . . . 7 Thermal 81 | . 14 48 2 2 15 Explosive . | . . . . . . Electromagnetic . | . . . . . . Robot Hit Streak 13 | . 7 13 . 1 8 Robot Miss Streak 7 | . 1 7 . . 1 Penetration Max . | . . . . . . Secondary Targets . | . . . . . . Shots Hit Robots 66 | . 16 31 . 1 18 Core Hits 30 | . 5 14 . 1 10 Critical Kills . | . . . . . . Critical Parts Destroyed . | . . . . . . Critical Strikes 2 | . . . . . 2 Blast 2 | . . . . . 2 Melee Attacks 8 | . 6 2 . . . Impact . | . . . . . . Slashing . | . . . . . . Piercing . | . . . . . . Sneak Attacks 4 | . 3 1 . . . Combat Hostiles . | . . . . . . Follow-up Attacks . | . . . . . . Damage Inflicted 1256 | . 246 621 . 21 368 Guns . | . . . . . . Cannons 1252 | . 246 617 . 21 368 Explosions . | . . . . . . Melee . | . . . . . . Ramming 4 | . . 4 . . . Kinetic 142 | . . . . . 142 Thermal 1110 | . 246 617 . 21 226 Explosive . | . . . . . . Electromagnetic . | . . . . . . Impact . | . . . . . . Slashing . | . . . . . . Piercing . | . . . . . . Highest Corruption 16 | . . . . . 16 Average Corruption 9 | . . . . . 9 Corruption Purged . | . . . . . . Corruption Blocked . | . . . . . . Effects 3 | . . . . . 3 Message Errors 1 | . . . . . 1 Matter Fused 1 | . . . . . 1 Weapon Failures 1 | . . . . . 1 Overload Shots . | . . . . . . Overflow Damage . | . . . . . . Projectiles . | . . . . . . Explosions . | . . . . . . Melee . | . . . . . . Knockbacks 2 | . . . . . 2 Impact . | . . . . . . Kinetic 2 | . . . . . 2 Secondary . | . . . . . . Self-Inflicted Damage . | . . . . . . Shots . | . . . . . . Rammed . | . . . . . . Targets Rammed 1 | . . 1 . . . Kicked 1 | . . 1 . . . Crushed . | . . . . . . Highest Temperature 430 | . 136 430 69 69 207 Average Temperature 116 | . 44 136 38 38 124 Received Heat Transfer 570 | . 72 207 . . 291 Effects 3 | . . 3 . . . Shutdowns 1 | . . 1 . . . Interference 1 | . . 1 . . . Damage (major) 1 | . . 1 . . . Siege Activations . | . . . . . . Robots Corrupted . | . . . . . . Combat Hostiles . | . . . . . . Parts Fried . | . . . . . . Impact Corruptions . | . . . . . . Robots Melted . | . . . . . . Combat Hostiles . | . . . . . . Parts Melted 7 | . 2 4 . . 1 Heat Transferred 1889 | . 444 1110 . 37 298 Parts Sabotaged . | . . . . . . Parts Stolen . | . . . . . . Parts Stripped . | . . . . . . Power Chain Reactions . | . . . . . . Alert | -11 -10 -9 -9 -7 -6 ------- Run | Yrd Mat Mat Min Zio Pro Peak Influence 250 | . 60 250 19 . . Initial 20 | . . 20 19 . . Average 50 | . 17 114 9 . . Maximum Alert Level 1 | . . 1 . . . Low Security (%) 98 | 100 100 95 100 . . Level 1 1 | . . 4 . . . Level 2 . | . . . . . . Level 3 . | . . . . . . Level 4 . | . . . . . . Level 5 . | . . . . . . High Security . | . . . . . . Max Security . | . . . . . . Squads Dispatched 4 | . 2 1 . . 1 Investigation 1 | . 1 . . . . Extermination . | . . . . . . Reinforcement 2 | . 1 1 . . . Assault 1 | . . . . . 1 Garrison . | . . . . . . Intercept . | . . . . . . Searches Triggered . | . . . . . . Construction Impeded . | . . . . . . Haulers Reinforced . | . . . . . . Active Scanning Responses . | . . . . . . Cargo Convoy Interrupts . | . . . . . . Stealth | -11 -10 -9 -9 -7 -6 --------- Run | Yrd Mat Mat Min Zio Pro Distress Signals 2 | . . 2 . . . Communications Jammed . | . . . . . . Distress Signals . | . . . . . . Times Spotted 46 | . 6 17 . . 23 Peak Tracking Total 7 | . 2 3 . . 7 Tactical Retreats 10 | . . 2 . . 8 Traps | -11 -10 -9 -9 -7 -6 ------- Run | Yrd Mat Mat Min Zio Pro Traps Triggered . | . . . . . . Indirectly . | . . . . . . Trap Hack Attempts . | . . . . . . Triggered . | . . . . . . Disarmed 4 | . . 4 . . . Reprogrammed . | . . . . . . Reused . | . . . . . . Traps Extracted . | . . . . . . Installed . | . . . . . . Triggered . | . . . . . . Machines | -11 -10 -9 -9 -7 -6 ---------- Run | Yrd Mat Mat Min Zio Pro Machines Disabled . | . . . . . . Max in Single Turn . | . . . . . . Machines Repaired . | . . . . . . Machines Dismantled . | . . . . . . Machines Sabotaged . | . . . . . . Overloaded Fab Kills . | . . . . . . Hacking | -11 -10 -9 -9 -7 -6 --------- Run | Yrd Mat Mat Min Zio Pro Machines Accessed 5 | . 2 3 . . . Terminals 5 | . 2 3 . . . Fabricators . | . . . . . . Repair Stations . | . . . . . . Recycling Units . | . . . . . . Scanalyzers . | . . . . . . Garrison Access . | . . . . . . Total Hacks 19 | . 10 9 . . . Successful 9 | . 3 6 . . . Failed 9 | . 6 3 . . . Catastrophic . | . . . . . . Database Lockouts 1 | . 1 . . . . Manual 4 | . . . . 4 . Terminals 19 | . 10 9 . . . Fabricators . | . . . . . . Repair Stations . | . . . . . . Recycling Units . | . . . . . . Scanalyzers . | . . . . . . Garrison Access . | . . . . . . Terminal Hacks 9 | . 3 6 . . . Record 4 | . 2 2 . . . Alert Level 1 | . . 1 . . . Locate Traps 1 | . . 1 . . . Disarm Traps 1 | . . 1 . . . Zone Layout 2 | . 1 1 . . . Fabricator Hacks . | . . . . . . Repair Station Hacks . | . . . . . . Recycling Unit Hacks . | . . . . . . Scanalyzer . | . . . . . . Garrison Access Hacks . | . . . . . . Unauthorized Hacks . | . . . . . . Terminals . | . . . . . . Fabricators . | . . . . . . Repair Stations . | . . . . . . Recycling Units . | . . . . . . Scanalyzers . | . . . . . . Garrison Access . | . . . . . . Data Cores Recovered 1 | . 1 . . . . Used . | . . . . . . Hacking Detections 4 | . 2 2 . . . Full Trace Events 1 | . 1 . . . . Feedback Events . | . . . . . . Feedback Blocked . | . . . . . . Robot Schematics Acquired . | . . . . . . Robots Built . | . . . . . . Authchips . | . . . . . . Time . | . . . . . . Total Robot Build Rating . | . . . . . . Part Schematics Acquired 4 | . . . . 4 . Parts Built . | . . . . . . Authchips . | . . . . . . Time . | . . . . . . Total Part Build Rating . | . . . . . . Parts Repaired . | . . . . . . Time . | . . . . . . Parts Recycled . | . . . . . . Recycled Matter . | . . . . . . Retrieved Matter . | . . . . . . Retrieved Components . | . . . . . . Parts Scanalyzed . | . . . . . . Part Schematics Acquired . | . . . . . . Parts Damaged . | . . . . . . Bothacking | -11 -10 -9 -9 -7 -6 ------------ Run | Yrd Mat Mat Min Zio Pro Used RIF Installer . | . . . . . . Robots Hacked 3 | . 2 1 . . . Non-combat 2 | . 1 1 . . . Combat 1 | . 1 . . . . Robot Hacks Applied 3 | . 2 1 . . . parse_system 3 | . 2 1 . . . Relay Couplers Released . | . . . . . . Fabnet Peak Effective % . | . . . . . . Robots Rewired . | . . . . . . Allies Hacked . | . . . . . . Hacks Repelled . | . . . . . . Allies | -11 -10 -9 -9 -7 -6 -------- Run | Yrd Mat Mat Min Zio Pro Total Allies 8 | . . . . 8 . Largest Group 8 | . . . . 8 6 Highest-Rated Group 271 | . . . . 271 193 Highest-Rated Ally 40 | . . . . 40 39 Total Orders . | . . . . . . Ally Attacks 61 | . . . . . 61 Total Damage 1114 | . . . . . 1114 Kills 9 | . . . . . 9 Allies Corrupted 3 | . . . . . 3 Allies Melted . | . . . . . . Intel | -11 -10 -9 -9 -7 -6 ------- Run | Yrd Mat Mat Min Zio Pro Robot Analysis Total . | . . . . . . Derelict Logs Recovered 2 | . . . 1 1 . Drone Launches . | . . . . . . Drone Recoveries . | . . . . . . Exploration | -11 -10 -9 -9 -7 -6 ------------- Run | Yrd Mat Mat Min Zio Pro Turns Passed 4173 | 57 457 806 808 1510 535 Spaces Moved 2376 | 46 256 479 438 884 273 Core 36 | 36 . . . . . Treads 1711 | . . 116 438 884 273 Legs 629 | 10 256 363 . . . Wheels . | . . . . . . Hover . | . . . . . . Flight . | . . . . . . Fastest Speed 50 | 50 120 120 170 170 170 Average Speed 158 | 98 148 132 170 170 170 Slowest Speed 250 | 150 190 250 170 170 170 Overloaded Moves . | . . . . . . Propulsion Burnouts . | . . . . . . Robots Hopped . | . . . . . . Cave-ins Triggered . | . . . . . . Exploration Rate (%) 46 | 5 36 30 73 88 46 Regions Visited 5 Branch Regions 3 Pre-discovered Areas 2 | . . . 1 1 . Known Exits Taken . | . . . . . . Unknown Exits Taken 5 | 1 1 1 1 1 . Scrap Searched 3 | . . . . 2 1 Spaces Dug . | . . . . . . Terrain Destroyed . | . . . . . . Melee . | . . . . . . Projectile . | . . . . . . AOE . | . . . . . . Terrain Rammed . | . . . . . . Walls Destroyed . | . . . . . . Machines Disabled . | . . . . . . Actions | -11 -10 -9 -9 -7 -6 --------- Run | Yrd Mat Mat Min Zio Pro Total 2692 | 56 317 606 500 891 322 Wait 158 | . 16 53 62 1 26 Move 2371 | 45 255 478 437 883 273 Hop . | . . . . . . Pick Up 34 | 5 12 14 . 3 . Fast Attach 7 | 3 1 3 . . . Attach 19 | 3 3 5 . . 8 Detach 1 | . 1 . . . . Swap 7 | . 3 4 . . . Drop 25 | . 6 13 . 3 3 Fire 61 | . 14 33 1 1 12 Melee 8 | . 6 2 . . . Ram . | . . . . . . Kick 1 | . . 1 . . . Crush . | . . . . . . Escape Stasis . | . . . . . . Rewire . | . . . . . . Trap . | . . . . . . Miscellaneous . | . . . . . . Route ------- -11/Scrapyard -10/Materials -9/Materials -9/Mines (discovered 2 exits: [*Mat] / *Zio) -7/Zion -6/Proximity Caves History --------- Turn | Location | Event 9 | -11/Scrapyard | Discovered new exit (range 15) 58 | -11/Scrapyard | Entered Materials 307 | -10/Materials | Build established: Mutant 496 | -10/Materials | Central database locked down 511 | -10/Materials | Discovered new exit (range 3) 515 | -10/Materials | Entered another Materials area 515 | -9/Materials | Evolved 2 slots: Propulsion x2 1301 | -9/Materials | Discovered new exit (range 13) 1321 | -9/Materials | Entered Mines 1334 | -9/Mines | Met a Derelict bent on vengeance 1966 | -9/Mines | Discovered new exit (range 7) 2102 | -9/Mines | Learned location of 1 exit from Materials 2115 | -9/Mines | Learned location of Storage (-8) 2127 | -9/Mines | A Derelict revealed a hidden shortcut to a safe place 2129 | -9/Mines | Entered Zion 2363 | -7/Zion | Learned location of Warlord (-4) 2425 | -7/Zion | Gained Derelict followers 2730 | -7/Zion | Imprinted 2733 | -7/Zion | Declared Zion's savior 3620 | -7/Zion | Discovered new exit (range 12) 3639 | -7/Zion | Entered Proximity Caves 3639 | -6/Proximity Caves | Accompanied by 6 allies 3821 | -6/Proximity Caves | Attracted the attention of an 0b10 checkpoint 3922 | -6/Proximity Caves | Attracted the attention of an 0b10 outpost 4025 | -6/Proximity Caves | Lost 6 allies 4043 | -6/Proximity Caves | Spotted B-75 Beast 4058 | -6/Proximity Caves | Core integrity fell below 50% 4159 | -6/Proximity Caves | Core integrity fell below 20% 4161 | -6/Proximity Caves | System corruption reached 10% 4174 | -6/Proximity Caves | Destroyed by G-50 Soldier with Heavy Laser Last Messages --------------- I-36 Angel knocked back. 0b10 Decoder Chip [Skirmisher] destroyed. System corrupted by crushing effect (+4). I-36 Angel suffers critical hit (Burn). Arm. Treads destroyed. System corrupted by crushing effect (+5). [Achievement: System Compromised] System corrupted: Imp. Light Cannon jammed. Hcp. Battery melted. I-36 Angel destroyed. B-48 Gladiator Lgt. Treads blasted off. Imp. Light Cannon destroyed. 0|#0HAOY %DMYZVAMCZGJ285VAY9%M8 KWLM3&TC Com. Battery fries itself beyond repair. Com. Wheel fries itself beyond repair. Critical hit (Smash). Particle Cannon destroyed. System corrupted by crushing effect (+2). Dropped Med. Storage Unit. Discarded 0b10 Decoder Chip [Looter]. Map ----- +----------------------------------------------------+ | | | | | | | | | | | | | | | ?????????????????????????????????????????????????? | | ?????????????????????????????????????????????????? | | ?????????????????????????????????????????????????? | | ?????????????????????????????????????????????????? | | ?????????????????????????????????????????????????? | | ?????????????????????????????????????????????????? | | ?????????????????????????????????????????????????? | | ?????????????????????????????????????????????????? | | ?????????????????????????????????????????????????? | | ?????????????????????????????????????????????????? | | ?????????????????????????????????????????????????? | | ?????????????????????????????????????????????????? | | ?????????????????????????????????????????????????? | | ?????????????????????????????????????????????????? | | ????????????????????????###??????????????????????? | | ???###?????###?##########%##?????????????????????? | | ???# #???## ### #%g!%#?????????????????????? | | ???# ??## # %bg #?????????????????????? | | ????# ### ## # #@##?????????????????????? | | ?????# # #####??????????????????????? | | ????## # ## #?????????????????????????? | | ????# ######## #????????????????????????? | | ????### #?????## # ???????????????????????? | | ###??## ##??????## #? ??????????????????????? | | #### # #??????? #? #????????????????????? | | ## # #???????# # ? #???????????????????? | | = ##???????#### #? ????????????????????? | | ### #???????????#### ??????????????????????? | | #?##### #??????????????????????????????????????? | | #?????? #??????????????????????????????????????? | | ##????? #??????????????????????????????????????? | | ##???? #??????????????????????????????????????? | | #???? #??????????????????????????????????????? | | ##????####??????????????????????????????????????? | | ##???????????????????????????????????????????????? | | ?????????????????????????????????????????????????? | | ?????????????????????????????????????????????????? | | ?????????????????????????????????????????????????? | | ?????????????????????????????????????????????????? | | ?????????????????????????????????????????????????? | | ?????????????????????????????????????????????????? | | ?????????????????????????????????????????????????? | | ?????????????????????????????????????????????????? | +----------------------------------------------------+ Best States ------------- Heat Dissipation 35 Energy Generation 12 Energy Capacity 350 Matter Stores 300 Matter Capacity 300 Sight Range 16 Terrain Scan Density 10 Evasion (%) 55 Recoil Reduction 4 Offensive Hacking 10 Item Schematics ----------------- Remote Force Field | -7/Zion | Archive Imp. Dynamic Insulation System | -7/Zion | Archive Adv. Assault Cannon | -7/Zion | Archive Matter Compressor | -7/Zion | Archive Robot Schematics ------------------ None Fabricated ------------ Nothing Alien Tech Used ----------------- None Achievements -------------- Robot Respite System Compromised The More The Merrier The One Challenges ------------ None Game ------ Seed MagneticRegenerativeCoupler Manual? 0 Play Time 00:48:22 Cumulative 5.5 hours Start 2024.04.07 @ 19:32:09 End 2024.04.07 @ 20:39:35 Sessions 3 Manual Loads 0 Difficulty Rogue Special Mode None Game No. 8 Rogue 8 Adventurer 0 Explorer 0 Win Type - Total 0 Types 0/0/0/0/0/0/0/0/0 Lore% 9 Gallery% 10 Achievement% 9 Wizard Run 0 Options --------- Layout 1 ASCII 0 Keyboard 0 Movement Mouse Keybinds 0 Fullscreen 1 Font 24/Smallcaps Map View 50x35 Zoom Use 0% Tactical HUD 0 Map Filters NONE Filters NONE Steam 1 RUN: d4ace3da-b106-4428-8d91-ed719e52c769